 Dungeon Crawl Stone Soup version 0.29-a0-825-g72347fce65 (webtiles) character file.

Game seed: 4662569802996770140

541 27snakeeyes612 the Trooper (level 7, -4/66 HPs)
             Began as a Naga Fighter on July 11, 2022.
             Killed from afar by an acid dragon (8 damage)
             ... with a splash of acid
             ... on level 5 of the Dungeon.
             The game lasted 00:03:57 (4036 turns).

27snakeeyes612 the Trooper (Naga Fighter)           Turns: 4036, Time: 00:03:57

Health: -4/66      AC:  7    Str: 20    XL:     7   Next: 26%
Magic:  0/7        EV:  7    Int: 15    God:
Gold:   187        SH:  5    Dex: 16    Spells: 6/6 levels left

rFire   . . .      SeeInvis +   r - +1 scimitar (holy)
rCold   . . .      Faith    .   c - +0 buckler
rNeg    . . .      Spirit   +   b - +0 scale mail
rPois   +          Reflect  .   i - +2 hat
rElec   .          Harm     .   q - +1 cloak
rCorr   .          Rampage  .   C - +0 pair of gloves
Will    .....                   (no barding)
Stlth   ..........              l - amulet of guardian spirit
HPRegen 0.21/turn               m - +6 ring of intelligence
MPRegen 0.10/turn               y - +6 ring of dexterity

@: corroded, very slow
A: AC +2, large, see invisible, deformed body, poison resistance, slowness 2,
spit poison 1, naga tail 1
a: Spit Poison


You were on level 5 of the Dungeon.
You visited 1 branch of the dungeon, and saw 6 of its levels.

You collected 187 gold pieces.

Inventory:

Hand Weapons
 a - a +0 long sword
 r - a +1 scimitar of holy wrath (weapon)
Armour
 b - a +0 scale mail (worn)
 c - a +0 buckler (worn)
 i - a +2 hat (worn)
 q - a +1 cloak (worn)
 C - a +0 pair of gloves (worn)
Jewellery
 l - an amulet of guardian spirit (around neck)
 m - a +6 ring of intelligence (left hand)
 s - an amulet of the acrobat
 y - a +6 ring of dexterity (right hand)
 D - a ring of fire
Wands
 t - a wand of flame (14)
Scrolls
 d - a scroll of vulnerability
 k - a scroll of enchant armour
 u - a scroll of amnesia {unknown}
 w - a scroll of identify
 x - a scroll of silence {unknown}
 A - a scroll of fear {unknown}
Potions
 e - a potion of flight {unknown}
 f - a potion of attraction
 g - 2 potions of degeneration {unknown}
 h - 2 potions of haste {unknown}
 n - a potion of lignification {unknown}
 o - 2 potions of brilliance {unknown}
 v - a potion of curing {unknown}
 z - a potion of cancellation {unknown}
 B - a potion of might


   Skills:
 + Level 4.7 Fighting
 + Level 4.2 Long Blades
 + Level 3.9 Armour
 + Level 4.3 Shields


You had 6 spell levels left.
You didn't know any spells.
Your spell library contained the following spells:

 Spells                   Type           Power      Damage    Failure   Level
 Sandblast                Erth           0%         2d4       67%         1
 Sting                    Tmut/Pois      0%         1d3       67%         1
 Summon Small Mammal      Summ           0%         N/A       67%         1
 Passwall                 Tmut/Erth      0%         N/A       80%         2
 Poisonous Vapours        Pois/Air       0%         N/A       80%         2
 Call Canine Familiar     Summ           0%         N/A       95%         3
 Stone Arrow              Conj/Erth      0%         3d7       95%         3
 Summon Guardian Golem    Hex/Summ       0%         N/A       95%         3
 Olgreb's Toxic Radiance  Pois           0%         N/A       100%        4


Dungeon Overview and Level Annotations

Branches:
Dungeon (6/15)             Temple (0/1) D:5

Altars:
Kikubaaqudgha
Qazlal


Innate Abilities, Weirdness & Mutations

Your serpentine skin is tough. (AC +2)
You have supernaturally acute eyesight. (SInv)
Armour fits poorly on your strangely shaped body.
Your system is resistant to poisons. (rPois)
You cover ground very slowly.
You can spit poison.
You have a snake-like lower body.


Message History

You are too injured to fight recklessly!
You are too injured to fight recklessly!
You are too injured to fight recklessly!
You are too injured to fight recklessly!
You are too injured to fight recklessly!
You are too injured to fight recklessly!
Aiming: Spit Poison (1% risk of failure)
Press: ? - help, Q - select action, (/) - cycle Shift-Dir - straight line, f - acid dragon
Aim: an acid dragon (moderately wounded, 59% to hit)
The splash of poison hits the acid dragon.
The acid dragon is moderately wounded.
The acid dragon spits acid at you. The splash of acid hits you!
* * * LOW HITPOINT WARNING * * *
You hit the acid dragon.
The acid dragon is moderately wounded.
The acid dragon barely misses you. The acid dragon claws you.
* * * LOW HITPOINT WARNING * * *
You feel much better. You block the acid dragon's attack.
The acid dragon claws you but does no damage.
You barely miss the acid dragon.
The acid dragon is moderately wounded.
The acid dragon bites you! The acid dragon claws you.
* * * LOW HITPOINT WARNING * * *
You can't do that yet.
Unknown command.
You hit the acid dragon.
The acid dragon is moderately wounded.
The acid dragon bites you!
* * * LOW HITPOINT WARNING * * *
The acid dragon claws you.
* * * LOW HITPOINT WARNING * * *
Okay, then.
Blink to where?
Press: ? - help, Dir - move target, p - acid dragon
As you read the scroll of blinking, it crumbles to dust.
You have got your breath back.
The acid dragon spits acid at you. The splash of acid hits you!
You die...

.......# # #.#...# #
####....# # #.....D.#
########## #.#.###)##
.......... # ##.##.#
######.## #. #)..##!#
#.# #.. #.# ##.....# #.#
#[# #.# ##@###### #.#
#.# #.###..# #.# #.#
#.#.#.# #.#
#.########.##.# #.#
#.##..†....##.# #.#
####.##.########.#######
#.#
...............<.......#
#.#
........########.#####.#
#.# ####.##.# #.# #.#
#.#


You could see an acid dragon (catching breath).

Vanquished Creatures
  Grinder (D:3)
  A centaur (D:5)
  A scorpion (D:5)
  3 hounds
  Ijyb (D:3)
  2 adders
  An ufetubus (D:3)
  2 worms
  A dart slug (D:4)
  5 orcs
  10 bats
  6 endoplasms
  3 giant cockroaches
  5 goblins
  4 hobgoblins
  3 jackals (D:3)
  A quokka (D:2)
  12 ball pythons
  3 frilled lizards
  7 rats
72 creatures vanquished.

Vanquished Creatures (collateral kills)
  A ball python (D:2)
1 creature vanquished.

Grand Total: 73 creatures vanquished

Notes
Turn   | Place    | Note
-------+----------+-------------------------------------------
     0 | D:1      | 27snakeeyes612 the Naga Fighter began the quest for the
                  | Orb.
     0 | D:1      | Reached XP level 1. HP: 21/21 MP: 1/1
   301 | D:1      | Reached XP level 2. HP: 12/28 MP: 2/2
  1069 | D:2      | Reached XP level 3. HP: 33/34 MP: 3/3
  1193 | D:2      | Found a faded altar of an unknown god.
  2085 | D:3      | Reached XP level 4. HP: 41/42 MP: 4/4
  2123 | D:3      | Noticed Grinder
  2130 | D:3      | Paralysed by Grinder for 2 turns
  2162 | D:3      | Paralysed by Grinder for 2 turns
  2168 | D:3      | Killed Grinder
  2169 | D:3      | Reached XP level 5. HP: 11/50 MP: 1/5
  2169 | D:3      | Reached XP level 6. HP: 12/57 MP: 1/6
  2439 | D:3      | Found an ancient bone altar of Kikubaaqudgha.
  2697 | D:3      | You fall into a shaft and drop 3 floors!
  2738 | D:5      | Entered Level 5 of the Dungeon
  2852 | D:3      | Noticed Ijyb
  2873 | D:3      | Killed Ijyb
  3577 | D:4      | Found a stormy altar of Qazlal.
  3899 | D:5      | Reached XP level 7. HP: 50/66 MP: 5/7
  4026 | D:5      | Found a staircase to the Ecumenical Temple.
  4034 | D:5      | HP: 3/66 [acid dragon (4)]
  4036 | D:5      | Killed from afar by an acid dragon

Illustrated notes

Levels and vault maps discovered:
D:1:      nagdon_arrival_zigzag_paths, layout_rooms,
          hangedman_abyss_or_decor_stabs
D:2:      layout_loops_ring, ebering_ecumenical_altar_abandoned
D:3:      layout_rooms, kiku_gazebo_pond_becter, uniq_ijyb, uniq_grinder
D:4:      layout_rooms, grunt_qazlal_clouds, serial_curves, eino_curves_02,
          eino_curves_01, eino_curves_02
D:5:      layout_loops_ring, dreamdust_divine_triumvirate,
          minmay_temple_entry_glass, uniq_edmund
D:6:      layout_basic, led_sif_pool, fedhas_altar_2

Skill      XL: |  1  2  3  4  5  6 |
---------------+-------------------+-----
Shields        | 3 4 |  4.3
Fighting       | 4 |  4.7
Long Blades    | 3 4 |  4.2
Armour         | 3 |  3.9

Action                   |  1- 3 |  4- 6 |  7- 9 || total
-------------------------+-------+-------+-------++-------
Melee: Long sword        |   143 |    47 |       ||   190
       Scimitar          |       |    75 |    14 ||    89
 Abil: Spit Poison       |     6 |     4 |     1 ||    11
  Use: Scroll            |     5 |     2 |     1 ||     8
       Potion            |       |     3 |     1 ||     4
Armor: Scale mail        |   119 |    88 |    13 ||   220
Dodge: Dodged            |    72 |    57 |    12 ||   141
Block: Buckler           |    44 |    32 |     6 ||    82

Table legend: (Time is in decaauts)
 A = Elapsed time spent in this place.
 B = Non-inter-level travel time spent in this place.
 C = Inter-level travel time spent in this place.
 D = Time resting spent in this place.
 E = Time spent auto-exploring this place.
 F = Levels seen in this place.
 G = Mean time per level.
                   A        B        C        D        E       F      G
               +--------+--------+--------+--------+--------+-----+--------+
         Total |   4959 |   4749 |    210 |     41 |   3844 |   6 |  826.5 |
       Dungeon |   4959 |   4749 |    210 |     41 |   3844 |   6 |  826.5 |
               +--------+--------+--------+--------+--------+-----+--------+

Top non-repeatable levels by time:
     D:3: 1260 daAuts
     D:2: 1233 daAuts
     D:1: 1202 daAuts
     D:4: 751 daAuts
     D:5: 467 daAuts
     D:6: 44 daAuts
